 Dungeon Crawl Stone Soup version 0.30.1-3-gfc49f6343a (webtiles) character file.

Game seed: 11725097102468456377

424 boopmooplesden the Twirler (level 6, -4/51 HPs)
             Began as a Draconian Gladiator on Aug 2, 2023.
             Slain by an ice beast (6 damage)
             ... on level 4 of the Dungeon.
             The game lasted 00:04:12 (3506 turns).

boopmooplesden the Twirler (Draconian Gladiator)    Turns: 3506, Time: 00:04:13

Health: -4/51      AC:  6    Str: 19    XL:     6   Next: 64%
Magic:  6/6        EV: 13    Int:  8    God:
Gold:   123        SH:  0    Dex: 12    Spells: 5/5 levels left

rFire   . . .        a - +0 quarterstaff
rCold   . . .        (shield currently unavailable)
rNeg    . . .        (body armour unavailable)
rPois   .            b - +0 hat
rElec   .            (no cloak)
rCorr   .            (no gloves)
SInv    .            (no boots)
Will    .....        (no amulet)
Stlth   ++           k - ring of flight
HPRegen 0.28/turn    (no ring)
MPRegen 0.10/turn

%: no passive effects
@: flying
A: AC +6, unfitting armour, cold-blooded
a: no special abilities


You were on level 4 of the Dungeon.
You visited 1 branch of the dungeon, and saw 4 of its levels.

You collected 123 gold pieces.

Inventory:

Hand Weapons
 a - a +0 quarterstaff (weapon)
Missiles
 c - 3 throwing nets (quivered)
 d - a javelin
Armour
 b - a +0 hat (worn)
Jewellery
 k - a ring of flight (left hand)
Potions
 e - 2 potions of heal wounds
 f - a potion of brilliance {unknown}
 g - a potion of magic {unknown}
 h - a potion of attraction {unknown}
 i - a potion of curing {unknown}
 m - 3 potions of mutation {unknown}
 n - 2 potions of lignification {unknown}
 o - a potion of invisibility {unknown}


   Skills:
 + Level 3.2 Fighting
 + Level 5.5 Staves
 + Level 2.1 Throwing
 + Level 4.1 Dodging
 + Level 2.4 Stealth


You had 5 spell levels left.
You didn't know any spells.
Your spell library was empty.

Dungeon Overview and Level Annotations

Branches:
Dungeon (4/15)
 Temple: D:4-7

Altars:

Shops:
D:1 [


Innate Abilities, Weirdness & Mutations

Your plain brown scales are hard. (AC +6)
You cannot fit into any form of body armour.
You are cold-blooded and may be slowed by cold attacks.


Message History

You hit the ice beast.
The ice beast is heavily wounded.
The ice beast closely misses you.
You hit the ice beast.
The ice beast is severely wounded.
The ice beast hits you. The ice beast freezes you!
You hit the ice beast.
The ice beast is severely wounded.
The ice beast hits you but does no damage.
You hit the ice beast but do no damage.
The ice beast is severely wounded.
The ice beast hits you but does no damage.
The iguana bites you.
You closely miss the ice beast.
The ice beast is severely wounded.
The iguana closely misses you. The ice beast barely misses you.
You barely miss the ice beast.
Your tail-slap misses the ice beast.
The ice beast is severely wounded.
The iguana bites you. The ice beast closely misses you.
You closely miss the ice beast.
Your tail-slap misses the ice beast.
The ice beast is severely wounded.
The ice beast completely misses you. The iguana bites you!
You barely miss the ice beast.
The ice beast is severely wounded.
The ice beast hits you. The ice beast freezes you.
You feel yourself slow down.
* * * LOW HITPOINT WARNING * * *
The iguana misses you.
You closely miss the ice beast.
The ice beast is severely wounded.
The ice beast misses you. The iguana completely misses you.
You hit the ice beast.
The ice beast is severely wounded.
You feel yourself speed up.
The ice beast hits you but does no damage.
The iguana bites you!
* * * LOW HITPOINT WARNING * * *
The iguana misses you. The ice beast hits you.
* * * LOW HITPOINT WARNING * * *
The ice beast freezes you.
You die...

..# ##.......# ..##
###.......### ...#
###............ .
...####.........#... ..
.........#.....## ...
........##.....# ...#
.........#.....# ...#
...............###...#
................@Y...#
................l....#
..................?...#
........................
.....................
.....................
##.......####...#
......... ..##


You could see an ice beast and an iguana.

Vanquished Creatures
  Grinder (D:3)
  Jessica (D:3)
  Natasha (twice) (D:3)
  7 gnolls
  2 worms (D:2)
  A dart slug (D:3)
  3 orcs (D:3)
  4 ball pythons
  6 endoplasms
  7 giant cockroaches
  5 goblins
  6 hobgoblins
  7 quokkas
  2 bats
  3 frilled lizards
  7 kobolds
  6 rats
70 creatures vanquished.

Notes
Turn   | Place    | Note
-------+----------+-------------------------------------------
     0 | D:1      | boopmooplesden the Draconian Gladiator began the quest for
                  | the Orb.
     0 | D:1      | Reached XP level 1. HP: 17/17 MP: 1/1
   126 | D:1      | Reached XP level 2. HP: 21/24 MP: 2/2
   551 | D:1      | Found Himmeom's Armour Shop.
   865 | D:2      | Reached XP level 3. HP: 28/30 MP: 3/3
  1016 | D:2      | Reached skill level 4 in Staves
  1016 | D:2      | Reached XP level 4. HP: 21/37 MP: 4/4
  1980 | D:3      | Reached skill level 1 in Stealth
  2003 | D:3      | Noticed Jessica
  2021 | D:3      | Killed Jessica
  2022 | D:3      | Reached XP level 5. HP: 23/42 MP: 5/5
  2220 | D:3      | Noticed Natasha
  2230 | D:3      | Killed Natasha
  2858 | D:3      | Noticed Grinder
  2868 | D:3      | Paralysed by Grinder for 5 turns
  2901 | D:3      | Killed Grinder
  2902 | D:3      | Reached skill level 5 in Staves
  2902 | D:3      | Reached XP level 6. HP: 17/51 MP: 6/6
  3156 | D:3      | Found a faded altar of an unknown god.
  3255 | D:3      | Noticed Natasha
  3265 | D:3      | Killed Natasha
  3491 | D:4      | Noticed an ice beast
  3506 | D:4      | HP: 2/51 [ice beast (1)]
  3506 | D:4      | Slain by an ice beast

Illustrated notes

Levels and vault maps discovered:
D:1:      matt_arrival_spirals, layout_basic, serial_shops, shop
D:2:      layout_loops_corners
D:3:      minmay_chambers_of_threes, layout_basic,
          shapermc_ecumenical_altar_hornbeckon, minmay_misc_feat_pillars,
          minmay_quantized, uniq_jessica, uniq_natasha, uniq_grinder
D:4:      layout_layer_cave, uniq_eustachio, uniq_blork_the_orc, uniq_pikel

Skill      XL: |  1  2  3  4  5 |
---------------+----------------+-----
Dodging        | 3 4 |  4.1
Throwing       | 2 |  2.1
Staves         | 4 5 |  5.5
Stealth        | 1 2 |  2.4
Fighting       | 3 |  3.2

Action                     |  1- 3 |  4- 6 || total
---------------------------+-------+-------++-------
  Melee: Quarterstaff      |    80 |   139 ||   219
         Tailslap          |    11 |    20 ||    31
  Throw: Throwing net      |       |     3 ||     3
    Use: Scroll            |       |     6 ||     6
         Potion            |       |     1 ||     1
   Stab: Held in net/web   |       |     2 ||     2
         Sleeping          |       |     4 ||     4
 Armour: Skin              |    21 |    32 ||    53
  Dodge: Dodged            |    53 |   111 ||   164
